 Dungeon Crawl Stone Soup version 0.18-a0-1778-gadce9fa (webtiles) character file.

157 barb4r1an the Sneak (level 5, -1/24 HPs)
             Began as a Spriggan Enchanter on Apr 16, 2016.
             Killed from afar by an orc wizard (4 damage)
             ... with a magic dart
             ... on level 4 of the Dungeon.
             The game lasted 00:24:27 (3584 turns).

barb4r1an the Sneak (Spriggan Enchanter)            Turns: 3584, Time: 00:24:28

Health: -1/24      AC:  4    Str:  5    XL:     5   Next: 15%
Magic:  1/11       EV: 20    Int: 20    God:
Gold:   161        SH:  0    Dex: 17    Spells: 2 memorised, 7 levels left

rFire  . . .     SeeInvis +     l - +0 short sword
rCold  . . .     Gourm    .     b - +1 robe
rNeg   . . .     Faith    .     (shield restricted)
rPois  .         Spirit   .     (helmet restricted)
rElec  .         Dismiss  .     p - +0 cloak
rCorr  .         Reflect  .     (gloves unavailable)
SustAt .         Harm     .     (boots unavailable)
MR     +....                    (no amulet)
Stlth  +++.......               s - ring of protection from magic
                                q - +4 ring of intelligence

@: very quick, somewhat resistant to hostile enchantments, fairly stealthy
A: unfitting armour, see invisible, herbivore 3, speed 3, slow metabolism 2
a: no special abilities


You were on level 4 of the Dungeon.
You were not hungry.

You visited 1 branch of the dungeon, and saw 4 of its levels.

You collected 161 gold pieces.

Inventory:

Hand Weapons
 a - a +1 dagger
 l - a +0 short sword (weapon)
Armour
 b - a +1 robe (worn)
 p - a +0 cloak (worn)
Jewellery
 q - a +4 ring of intelligence (left hand)
 s - a ring of protection from magic (right hand)
Wands
 t - a wand of iceblast (7/15)
 u - a wand of flame (12/48)
Scrolls
 e - 2 scrolls of identify
 h - 2 scrolls of fear
 j - 3 scrolls of enchant weapon
 m - a scroll of remove curse {unknown}
 r - a scroll of teleportation {unknown}
Potions
 g - a potion of might {unknown}
 i - a potion of heal wounds {unknown}
 k - 2 potions of curing
 n - 2 potions of flight {unknown}
 v - a potion of degeneration {unknown}
Books
 c - a book of Maledictions

   Spells                             Type                      Level
   a - Corona                         Hexes                        1
   b - Ensorcelled Hibernation        Hexes/Ice                    2
   c - Confuse                        Hexes                        3
   d - Tukima's Dance                 Hexes                        3
   e - Dazzling Spray                 Conjuration/Hexes            3
Miscellaneous
 o - a plain deck of destruction
Comestibles
 d - 5 bread rations
 f - 2 royal jellies


   Skills:
 + Level 2.4 Short Blades
 + Level 4.4 Dodging
 + Level 5.3 Stealth
 - Level 3.4 Spellcasting
 - Level 4.3 Hexes
 + Level 1.0 Ice Magic
 + Level 1.6 Evocations


You had 7 spell levels left.
You knew the following spells:

 Your Spells              Type           Power        Failure   Level  Hunger
a - Corona                Hex            ###....      2%          1    None
b - Ensorcelled Hibernat  Hex/Ice        ##....       10%         2    ##.....


Dungeon Overview and Level Annotations

Branches:
Dungeon (4/15)
 Temple: D:4-7

Altars:
Sif Muna


Innate Abilities, Weirdness & Mutations

You are tiny and cannot use many weapons and most armour.
You have supernaturally acute eyesight.
You are a herbivore.
You cover ground extremely quickly.
You need consume almost no food.


Message History

The orc wizard barely misses you.
The orc wizard hits you but does no damage.
You closely miss the orc wizard. The orc wizard hits you with a dagger.
You hit the orc wizard but do no damage.
The orc wizard gestures at you while chanting.
The magic dart hits you!
The orc wizard hits you but does no damage.
You closely miss the orc wizard. The orc wizard casts a spell at you.
The magic dart hits you!
You hit the orc wizard.
The orc wizard is lightly wounded.
The orc wizard gestures at you while chanting.
The magic dart hits you!
* * * LOW HITPOINT WARNING * * *
You closely miss the orc wizard.
The orc wizard is lightly wounded.
The orc wizard gestures at you while chanting.
The magic dart hits you!
You die...

#.####.##.##.#####
#................#
######%##.##.###.#
..........##.# #.#
######.......# #.#
######### #.# #.#
#)# ####@# #..o.#
#.#### #)# #.# o..
..o.. ...#... #...
.###


You could see an orc wizard.

Vanquished Creatures
  Jessica (D:2)
  Terence (D:3)
  3 adders
  2 worms (D:3)
  2 dart slugs
  A giant gecko (D:3)
  5 orcs
  9 giant cockroaches
  10 goblins
  5 hobgoblins (D:2)
  9 kobolds
  A quokka (D:2)
  2 ball pythons
  4 bats
  A giant newt (D:2)
  5 rats
61 creatures vanquished.

Notes
Turn   | Place    | Note
--------------------------------------------------------------
     0 | D:1      | barb4r1an the Spriggan Enchanter began the quest for the Orb.
     0 | D:1      | Reached XP level 1. HP: 9/9 MP: 5/5
   123 | D:1      | Reached XP level 2. HP: 10/13 MP: 6/6
   660 | D:1      | Learned a level 2 spell: Ensorcelled Hibernation
  1048 | D:1      | Reached XP level 3. HP: 16/16 MP: 8/8
  1399 | D:2      | Noticed Jessica
  1401 | D:2      | Killed Jessica
  1932 | D:2      | Reached XP level 4. HP: 21/21 MP: 6/9
  2230 | D:2      | Found a deep blue altar of Sif Muna.
  2528 | D:2      | Reached skill level 5 in Stealth
  2704 | D:3      | Noticed Terence
  2961 | D:3      | Reached skill level 1 in Evocations
  3292 | D:3      | Killed Terence
  3292 | D:3      | Reached skill level 1 in Ice Magic
  3292 | D:3      | Reached XP level 5. HP: 15/24 MP: 6/11
  3584 | D:4      | Killed from afar by an orc wizard

Vault maps used:
D:1:      erik_arrival_blinker_ship
D:2:      lemuel_blue_sif_altar, serial_co_window_serial, co_window_paths_a,
          co_window_corner_a, co_window_paths_a, co_window_corner_a,
          co_window_of_opportunity_a, co_window_2corner, co_window_corner_cb,
          co_window_corner_cb, co_window_broadway_a, co_window_broadway_a,
          co_window_cross_2, co_window_unsneaky_path_a, glass_columns_b,
          glass_columns_a, glass_columns_c, glass_columns_c, glass_columns_a,
          amalloy_card_club, uniq_jessica
D:3:      first_bread, uniq_terence
D:4:      gup_sewer_entry_pipe, uniq_sigmund

Skill      XL: |  1  2  3  4 |
---------------+-------------+-----
Spellcasting   | 3 |  3.4
Hexes          | 4 |  4.3
Short Blades   | 2 |  2.4
Dodging        | 4 |  4.4
Stealth        | 5 |  5.3
Evocations     | 1 |  1.6
Ice Magic      | 1 |  1.0

Action                   |  1- 3 |  4- 6 || total
-------------------------+-------+-------++-------
Melee: Dagger            |    98 |       ||    98
       Short sword       |    25 |    59 ||    84
 Cast: Corona            |    12 |       ||    12
       Ensorcelled Hiber |    16 |    37 ||    53
  Use: Scroll            |       |     3 ||     3
 Stab: Sleeping          |    18 |    21 ||    39
  Eat: Bread ration      |       |     1 ||     1
Armor: Robe              |    10 |     3 ||    13
Dodge: Dodged            |    88 |    36 ||   124
